 Dungeon Crawl Stone Soup version 0.21-a0-401-g0b6bec4 (webtiles) character file.

3144 tidbits the Magician (level 9, 14/71 HPs)
             Began as a Gnoll Skald on Oct 21, 2017.
             Was a Follower of Makhleb.
             Quit the game on level 8 of the Dungeon.
             The game lasted 00:23:00 (2272 turns).

tidbits the Magician (Gnoll Skald)                  Turns: 2272, Time: 00:23:01

Health: 14/71      AC:  8    Str: 14    XL:     9   Next: 93%
Magic:  5/19       EV: 14    Int: 18    God:    Makhleb [*.....]
Gold:   105        SH:  0    Dex: 15    Spells: 10/21 levels left

rFire    . . .     SeeInvis +   a - +2 war axe
rCold    . . .     Gourm    .   (no shield)
rNeg     . . .     Faith    .   B - +0 ring mail (curse)
rPois    .         Spirit   .   (no helmet)
rElec    .         Reflect  .   C - +0 cloak
rCorr    .         Harm     .   G - +0 pair of gloves
MR       .....                  (no boots)
Stlth    ++........             (no amulet)
HPRegen  0.21/turn              I - ring of see invisible
MPRegen  0.16/turn              (no ring)

@: no status effects
A: distributed training, fangs 1, strong nose
a: Renounce Religion


You were on level 8 of the Dungeon.
You worshipped Makhleb.
Makhleb was aware of your devotion.
You were not hungry.

You visited 1 branch of the dungeon, and saw 9 of its levels.

You collected 281 gold pieces.
You spent 176 gold pieces at shops.

Inventory:

Hand Weapons
 a - a +2 war axe (weapon)
 b - a +0 short sword of electrocution
   (You took it off a kobold on level 1 of the Dungeon)
 q - a +0 scythe
 t - a +0 hunting sling
 u - a +0 blowgun
 v - a +0 hand axe
 z - a +0 battleaxe
 A - a +2 quarterstaff of chaos
   (You took it off Crazy Yiuf on level 7 of the Dungeon)
 O - a +0 war axe
Missiles
 n - 111 arrows
 P - 3 tomahawks (quivered)
Armour
 e - a +0 leather armour
 B - a cursed +0 ring mail (worn)
 C - a +0 cloak (worn)
 G - a +0 pair of gloves (worn)
 H - a +0 ring mail
Jewellery
 I - a ring of see invisible (left hand)
   (You found it on level 2 of the Dungeon)
Wands
 D - a wand of flame (34/48)
 N - a wand of lightning (3/15)
Scrolls
 f - 9 scrolls of teleportation
 g - 4 scrolls of recharging
 i - a scroll of fear {unknown}
 j - 3 scrolls of remove curse
 o - 2 scrolls of immolation {unknown}
 p - 3 scrolls of random uselessness
 w - a scroll of fog {unknown}
 x - 3 scrolls of enchant armour {unknown}
 y - a scroll of magic mapping {unknown}
 F - 2 scrolls of blinking {unknown}
 J - a scroll of holy word {unknown}
 L - a scroll of noise
 M - a scroll of amnesia {unknown}
Potions
 k - 5 potions of curing
 m - 2 potions of berserk rage {unknown}
 r - 2 potions of lignification {unknown}
 s - a potion of mutation {!q}
 E - a potion of degeneration
 K - a potion of flight
Books
 c - a book of Battle

   Spells                             Type                      Level
   a - Infusion                       Charms                       1
   b - Shroud of Golubria             Charms/Translocation         2
   c - Song of Slaying                Charms                       2
   d - Spectral Weapon                Hexes/Charms                 3
   e - Regeneration                   Charms/Necromancy            3
Comestibles
 d - 5 bread rations
 h - 2 meat rations
 l - 3 royal jellies


   Skills:
 + Level 6.6 Fighting
 + Level 4.6 Short Blades
 + Level 4.6 Long Blades
 + Level 6.6 Axes
 + Level 4.6 Maces & Flails
 + Level 4.6 Polearms
 + Level 4.6 Staves
 + Level 4.6 Slings
 + Level 4.6 Bows
 + Level 4.6 Crossbows
 + Level 4.6 Throwing
 + Level 5.3 Armour
 + Level 6.6 Dodging
 + Level 4.6 Stealth
 + Level 4.6 Shields
 + Level 4.6 Unarmed Combat
 + Level 6.9 Spellcasting
 + Level 3.8 Conjurations
 + Level 3.8 Hexes
 + Level 6.7 Charms
 + Level 3.8 Summonings
 + Level 3.8 Necromancy
 + Level 3.8 Translocations
 + Level 3.8 Transmutations
 + Level 3.8 Fire Magic
 + Level 3.8 Ice Magic
 + Level 3.8 Air Magic
 + Level 3.8 Earth Magic
 + Level 3.8 Poison Magic
 + Level 5.1 Invocations
 + Level 4.6 Evocations


You had 10 spell levels left.
You knew the following spells:

 Your Spells              Type           Power        Failure   Level  Hunger
g - Shroud of Golubria    Chrm/Tloc      ####......   3%          2    None
i - Infusion              Chrm           ####         1%          1    None
r - Regeneration          Chrm/Necr      ####......   7%          3    ##.....
w - Spectral Weapon       Hex/Chrm       ####....     7%          3    ##.....
y - Song of Slaying       Chrm           ####....     1%          2    None


Dungeon Overview and Level Annotations

Branches:
Dungeon (9/15)             Temple (0/1) D:6
   Lair: D:8-11         Orc: D:9-12

Altars:
Ashenzari
Dithmenos
Elyvilon
Makhleb
Okawaru
Wu Jian

Shops:
D:4 ?


Innate Abilities, Weirdness & Mutations

Your experience applies equally to all skills.
You have very sharp teeth.
Your uncanny sense of smell can sniff out nearby items.


Message History

The orc warrior hits you with a long sword.
The orc barely misses you.
Casting: Regeneration
Confirm with . or Enter, or press ? or * to list all spells.
You draw out your weapon's spirit!
The orc hits you but does no damage.
Your shroud bends the orc priest's attack away.
The orc closely misses you. The orc warrior misses you.
You hit the orc.
The orc is lightly wounded.
You hit the orc.
You hit the orc priest but do no damage.
You slash the orc warrior!
Your spectral weapon hits the orc.
You kill the orc!
Makhleb accepts your kill.
You feel better.
The orc priest begins to cast a cantrip, but forgets the words!
The orc warrior hits you with a long sword.
You slash the orc!
You kill the orc!
Makhleb accepts your kill.
You hit the orc priest. You completely miss the orc warrior.
The orc priest calls down the wrath of Beogh upon you.
Pain shoots through your body! The orc warrior closely misses you.
You closely miss the orc priest.
The orc priest is lightly wounded.
You hit the orc but do no damage. You closely miss the orc warrior.
Your shroud begins to fray at the edges.
Your spectral weapon hits the orc priest!
Your spectral weapon hits the orc.
The orc misses you.
The orc priest hits you but does no damage.
The orc misses you. The orc warrior misses you.
You barely miss the orc priest.
The orc priest is severely wounded.
You hit the orc warrior but do no damage.
You hit the orc but do no damage.
Your skin stops crawling.
Your spectral weapon closely misses the orc priest.
Your spectral weapon hits the orc.
You kill the orc!
Makhleb accepts your kill.
You feel better.
The orc priest invokes the aid of Beogh against you.
Pain shoots through your body!
The orc priest invokes the aid of Beogh against you.
Pain shoots through your body!
Your shroud bends the orc warrior's attack away!
You slash the orc priest!
You kill the orc priest!
Makhleb accepts your kill.
You completely miss the orc warrior.
The orc warrior hits you with a long sword!!
* * * LOW HITPOINT WARNING * * *
Your shroud falls apart!
You hit the orc warrior but do no damage.
The orc warrior is moderately wounded.
Your spectral weapon hits the orc warrior!
You barely miss the orc warrior.
The orc warrior is heavily wounded.
Your spectral weapon hits the orc warrior!
The orc warrior closely misses you.
You closely miss the orc warrior.
The orc warrior is almost dead.
Your spectral weapon hits the orc warrior!
You kill the orc warrior!
Makhleb accepts your kill.
Things that are here:
a long sword; a chain mail Your song is almost over.
Things that are here:
a flail; a ring mail; an orc corpse
Things that are here:
a falchion; a chain mail
Things that are here:
a mace; a leather armour; an orc corpse
Casting: Spectral Weapon
Confirm with . or Enter, or press ? or * to list all spells.
Your skin crawls.
Okay, then.
You butcher the orc corpse.
Things that are here:
a mace; a leather armour; a chunk of flesh Eat a chunk of flesh? (ye/n/q)
You eat the chunk of flesh.
This raw flesh tastes terrible.
Your song has ended.
Your skin is crawling a little less now.
An electric eel comes into view.
The electric eel shoots out a bolt of lightning at your spectral weapon!
The bolt of electricity hits your spectral weapon.
Your spectral weapon resists.
Your spectral weapon shares its damage with you!
* * * LOW HITPOINT WARNING * * *
Your skin stops crawling.
An electric eel comes into view.
The electric eel shoots out a bolt of lightning at you!
The bolt of electricity hits you!
* * * LOW HITPOINT WARNING * * *
The electric eel shoots out a bolt of lightning at you!
The bolt of electricity hits you!
* * * LOW HITPOINT WARNING * * *
Are you sure you want to abandon this character and quit the game? (Confirm with "yes".)

#.###.).##.....# #######....
###.#.###)).##....>#
###...###
..................##
###...###
..................#####...###
...................##...###
≈........$.≈.....)....###
≈.........≈≈≈≈......### ∆
.........≈≈≈≈≈≈.....#
.........≈≈≈≈≈≈.@(..#
..≈≈≈≈....≈≈≈.......# ..≈≈≈
...≈≈≈≈.......# ..≈..
..≈≈≈≈.......# ..h..
............# ...........# ∆
...........# ∆ ;..≈≈;.....# ∆
.≈≈≈≈...#


You could see 2 electric eels and a friendly spectral enchanted war axe.

Vanquished Creatures
  A two-headed ogre (D:8)
  Maurice (D:8)
  Sigmund (D:3)
  A water moccasin (D:8)
  2 orc warriors
  2 ice beasts
  An eye of draining (D:8)
  2 ogres (D:7)
  A phantom (D:4)
  3 bullfrogs
  A big kobold (D:7)
  A scorpion (D:4)
  A killer bee (D:7)
  7 wights (D:6)
  A howler monkey (D:5)
  A bullfrog zombie (D:5)
  A crimson imp (D:8)
  A hound (D:6)
  2 orc priests
  Crazy Yiuf (D:7)
  A centaur skeleton (D:8)
  2 iguanas
  2 worker ants
  A killer bee zombie (D:6)
  4 gnolls (D:7)
  10 adders
  An adder skeleton (D:3)
  3 worms
  4 leopard geckos
  13 orcs
  6 giant cockroaches
  4 hobgoblins
  6 jackals
  A quokka (D:4)
  A ball python (D:3)
  6 bats
  3 frilled lizards
  4 goblins
  8 kobolds
  2 rats
114 creatures vanquished.

Vanquished Creatures (others)
  2 spectral weapons
2 creatures vanquished.

Grand Total: 116 creatures vanquished

Notes
Turn   | Place    | Note
-------+----------+-------------------------------------------
     0 | D:1      | tidbits the Gnoll Skald began the quest for the Orb.
     0 | D:1      | Reached XP level 1. HP: 20/20 MP: 6/6
    33 | D:1      | Reached XP level 2. HP: 15/26 MP: 0/7
    41 | D:1      | Learned a level 2 spell: Song of Slaying
    44 | D:1      | Learned a level 2 spell: Shroud of Golubria
   263 | D:2      | Reached XP level 3. HP: 9/31 MP: 6/9
   270 | D:2      | Reached skill level 5 in Spellcasting
   280 | D:2      | Learned a level 3 spell: Regeneration
   286 | D:2      | Learned a level 3 spell: Spectral Weapon
   443 | D:3      | Noticed Sigmund
   451 | D:3      | Killed Sigmund
   451 | D:3      | Reached skill level 1 in Short Blades
   451 | D:3      | Reached skill level 1 in Long Blades
   451 | D:3      | Reached skill level 1 in Maces & Flails
   451 | D:3      | Reached skill level 1 in Polearms
   451 | D:3      | Reached skill level 1 in Staves
   451 | D:3      | Reached skill level 1 in Slings
   451 | D:3      | Reached skill level 1 in Bows
   451 | D:3      | Reached skill level 1 in Crossbows
   451 | D:3      | Reached skill level 1 in Throwing
   451 | D:3      | Reached skill level 3 in Armour
   451 | D:3      | Reached skill level 1 in Stealth
   451 | D:3      | Reached skill level 1 in Shields
   451 | D:3      | Reached skill level 1 in Unarmed Combat
   451 | D:3      | Reached skill level 1 in Conjurations
   451 | D:3      | Reached skill level 1 in Hexes
   451 | D:3      | Reached skill level 1 in Summonings
   451 | D:3      | Reached skill level 1 in Necromancy
   451 | D:3      | Reached skill level 1 in Translocations
   451 | D:3      | Reached skill level 1 in Transmutations
   451 | D:3      | Reached skill level 1 in Fire Magic
   451 | D:3      | Reached skill level 1 in Ice Magic
   451 | D:3      | Reached skill level 1 in Air Magic
   451 | D:3      | Reached skill level 1 in Earth Magic
   451 | D:3      | Reached skill level 1 in Poison Magic
   451 | D:3      | Reached skill level 1 in Invocations
   451 | D:3      | Reached skill level 1 in Evocations
   451 | D:3      | Reached XP level 4. HP: 14/38 MP: 8/11
   451 | D:3      | Reached XP level 5. HP: 16/43 MP: 8/12
   462 | D:3      | Found a white marble altar of Elyvilon.
   465 | D:3      | Found an ornate altar of the Wu Jian Council.
   509 | D:3      | Reached XP level 6. HP: 33/50 MP: 6/13
   560 | D:3      | Reached skill level 2 in Invocations
   942 | D:4      | Noticed a phantom
   947 | D:5      | Entered Level 5 of the Dungeon
  1016 | D:5      | Reached skill level 5 in Fighting
  1016 | D:5      | Reached skill level 5 in Axes
  1016 | D:5      | Reached skill level 5 in Dodging
  1064 | D:5      | Reached skill level 2 in Short Blades
  1064 | D:5      | Reached skill level 2 in Long Blades
  1064 | D:5      | Reached skill level 2 in Maces & Flails
  1064 | D:5      | Reached skill level 2 in Polearms
  1064 | D:5      | Reached skill level 2 in Staves
  1064 | D:5      | Reached skill level 2 in Slings
  1064 | D:5      | Reached skill level 2 in Bows
  1064 | D:5      | Reached skill level 2 in Crossbows
  1064 | D:5      | Reached skill level 2 in Throwing
  1064 | D:5      | Reached skill level 2 in Stealth
  1064 | D:5      | Reached skill level 2 in Shields
  1064 | D:5      | Reached skill level 2 in Unarmed Combat
  1064 | D:5      | Reached skill level 2 in Evocations
  1175 | D:6      | Found a shadowy altar of Dithmenos.
  1251 | D:4      | Killed a phantom
  1251 | D:4      | Reached XP level 7. HP: 33/56 MP: 10/15
  1312 | D:3      | Found a burning altar of Makhleb.
  1312 | D:3      | Found an iron altar of Okawaru.
  1322 | D:3      | Became a worshipper of Makhleb the Destroyer
  1387 | D:4      | Found Suwnegot's Magic Scroll Emporium.
  1398 | D:4      | Bought a scroll of remove curse for 33 gold pieces
  1398 | D:4      | Bought a scroll of teleportation for 33 gold pieces
  1398 | D:4      | Bought a scroll of random uselessness for 11 gold pieces
  1398 | D:4      | Bought a scroll of teleportation for 33 gold pieces
  1398 | D:4      | Bought a scroll of teleportation for 33 gold pieces
  1398 | D:4      | Bought a scroll of identify for 22 gold pieces
  1398 | D:4      | Bought a scroll of noise for 11 gold pieces
  1539 | D:6      | Reached skill level 2 in Conjurations
  1539 | D:6      | Reached skill level 2 in Hexes
  1539 | D:6      | Reached skill level 2 in Summonings
  1539 | D:6      | Reached skill level 2 in Necromancy
  1539 | D:6      | Reached skill level 2 in Translocations
  1539 | D:6      | Reached skill level 2 in Transmutations
  1539 | D:6      | Reached skill level 2 in Fire Magic
  1539 | D:6      | Reached skill level 2 in Ice Magic
  1539 | D:6      | Reached skill level 2 in Air Magic
  1539 | D:6      | Reached skill level 2 in Earth Magic
  1539 | D:6      | Reached skill level 2 in Poison Magic
  1549 | D:6      | Reached skill level 3 in Invocations
  1608 | D:6      | Reached skill level 6 in Charms
  1608 | D:6      | Reached XP level 8. HP: 62/63 MP: 14/16
  1613 | D:6      | Found a shattered altar of Ashenzari.
  1630 | D:6      | Reached skill level 4 in Armour
  1633 | D:6      | Reached skill level 3 in Short Blades
  1633 | D:6      | Reached skill level 3 in Long Blades
  1633 | D:6      | Reached skill level 3 in Maces & Flails
  1633 | D:6      | Reached skill level 3 in Polearms
  1633 | D:6      | Reached skill level 3 in Staves
  1633 | D:6      | Reached skill level 3 in Slings
  1633 | D:6      | Reached skill level 3 in Bows
  1633 | D:6      | Reached skill level 3 in Crossbows
  1633 | D:6      | Reached skill level 3 in Throwing
  1633 | D:6      | Reached skill level 3 in Stealth
  1633 | D:6      | Reached skill level 3 in Shields
  1633 | D:6      | Reached skill level 3 in Unarmed Combat
  1633 | D:6      | Reached skill level 3 in Evocations
  1676 | D:6      | Reached skill level 6 in Spellcasting
  1759 | D:6      | Found a staircase to the Ecumenical Temple.
  1925 | D:7      | Reached * piety under Makhleb
  1969 | D:7      | Reached skill level 4 in Invocations
  1969 | D:7      | Reached skill level 3 in Conjurations
  1969 | D:7      | Reached skill level 3 in Hexes
  1969 | D:7      | Reached skill level 3 in Summonings
  1969 | D:7      | Reached skill level 3 in Necromancy
  1969 | D:7      | Reached skill level 3 in Translocations
  1969 | D:7      | Reached skill level 3 in Transmutations
  1969 | D:7      | Reached skill level 3 in Fire Magic
  1969 | D:7      | Reached skill level 3 in Ice Magic
  1969 | D:7      | Reached skill level 3 in Air Magic
  1969 | D:7      | Reached skill level 3 in Earth Magic
  1969 | D:7      | Reached skill level 3 in Poison Magic
  2002 | D:7      | Found a runed door.
  2029 | D:7      | Noticed Crazy Yiuf
  2032 | D:7      | Killed Crazy Yiuf
  2079 | D:8      | Reached skill level 6 in Fighting
  2079 | D:8      | Reached skill level 6 in Axes
  2079 | D:8      | Reached skill level 6 in Dodging
  2079 | D:8      | Reached XP level 9. HP: 59/69 MP: 4/18
  2137 | D:8      | Found a white marble altar of Elyvilon.
  2174 | D:8      | Noticed a two-headed ogre
  2180 | D:8      | Noticed Maurice
  2183 | D:8      | Killed a two-headed ogre
  2183 | D:8      | Reached skill level 4 in Short Blades
  2183 | D:8      | Reached skill level 4 in Long Blades
  2183 | D:8      | Reached skill level 4 in Maces & Flails
  2183 | D:8      | Reached skill level 4 in Polearms
  2183 | D:8      | Reached skill level 4 in Staves
  2183 | D:8      | Reached skill level 4 in Slings
  2183 | D:8      | Reached skill level 4 in Bows
  2183 | D:8      | Reached skill level 4 in Crossbows
  2183 | D:8      | Reached skill level 4 in Throwing
  2183 | D:8      | Reached skill level 5 in Armour
  2183 | D:8      | Reached skill level 4 in Stealth
  2183 | D:8      | Reached skill level 4 in Shields
  2183 | D:8      | Reached skill level 4 in Unarmed Combat
  2183 | D:8      | Reached skill level 4 in Evocations
  2197 | D:8      | Killed Maurice
  2222 | D:8      | Reached skill level 5 in Invocations
  2272 | D:8      | Quit the game

Vault maps used:
D:1:      saegor_arrival_miasma
D:2:      corner_web_ring, minmay_cupped
D:3:      nicolae_overflow_hidden_temple, first_bread, feat_on_display,
          uniq_sigmund
D:4:      serial_shops, nicolae_shop_crystal
D:6:      old_standard_altar, kennysheep_mini, minmay_temple_entry_overgrown,
          evilmike_ruin_ashenzari
D:7:      serial_shops, nicolae_shop_crystal, grunt_ogre_cave,
          uniq_crazy_yiuf_cottage, uniq_menkaure
D:8:      minmay_the_grid_triangle_9x9_rhombus_thin, led_sif_book, basic_altar,
          uniq_grum, uniq_maurice
D:9:      serial_shops, shop, minmay_misc_feat_five,
          hangedman_abyss_or_decor_stabs

Skill      XL: |  1  2  3  4  5  6  7  8  9 |
---------------+----------------------------+-----
Spellcasting   | 5 6 |  6.9
Short Blades   | 1 2 3 4 |  4.6
Long Blades    | 1 2 3 4 |  4.6
Maces & Flails | 1 2 3 4 |  4.6
Polearms       | 1 2 3 4 |  4.6
Staves         | 1 2 3 4 |  4.6
Slings         | 1 2 3 4 |  4.6
Bows           | 1 2 3 4 |  4.6
Crossbows      | 1 2 3 4 |  4.6
Throwing       | 1 2 3 4 |  4.6
Armour         | 3 4 5 |  5.3
Stealth        | 1 2 3 4 |  4.6
Shields        | 1 2 3 4 |  4.6
Unarmed Combat | 1 2 3 4 |  4.6
Conjurations   | 1 2 3 |  3.8
Hexes          | 1 2 3 |  3.8
Summonings     | 1 2 3 |  3.8
Necromancy     | 1 2 3 |  3.8
Translocations | 1 2 3 |  3.8
Transmutations | 1 2 3 |  3.8
Fire Magic     | 1 2 3 |  3.8
Ice Magic      | 1 2 3 |  3.8
Air Magic      | 1 2 3 |  3.8
Earth Magic    | 1 2 3 |  3.8
Poison Magic   | 1 2 3 |  3.8
Invocations    | 1 2 3 4 5 |  5.1
Evocations     | 1 2 3 4 |  4.6
Fighting       | 5 6 |  6.6
Axes           | 5 6 |  6.6
Dodging        | 5 6 |  6.6
Charms         | 6 |  6.7

Action                   |  1- 3 |  4- 6 |  7- 9 || total
-------------------------+-------+-------+-------++-------
Melee: Hand axe          |    20 |    56 |       ||    76
       Bite              |     6 |     9 |    11 ||    26
       Short sword       |    64 |    15 |     1 ||    80
       Battleaxe         |       |    26 |    70 ||    96
       War axe           |       |       |    44 ||    44
 Cast: Infusion          |     3 |       |       ||     3
       Shroud of Golubri |     1 |       |     5 ||     6
       Spectral Weapon   |     2 |    12 |    20 ||    34
       Regeneration      |     1 |     5 |     8 ||    14
       Song of Slaying   |       |     3 |     5 ||     8
Evoke: Wand              |       |       |     6 ||     6
  Use: Scroll            |       |     1 |     5 ||     6
 Stab: Sleeping          |       |     1 |       ||     1
       Distracted        |       |       |     3 ||     3
  Eat: Chunk             |       |     2 |     6 ||     8
       Fruit             |       |       |     1 ||     1
Armor: Leather armour    |     3 |       |       ||     3
       Ring mail         |    27 |    27 |    38 ||    92
Dodge: Dodged            |    69 |    89 |   108 ||   266

Table legend:
 A = Spawn XP
 B = Non-spawn XP
 C = Spawn XP percentage of total XP
 D = Spawn monster count
 E = Non-spawn monster count
 F = Spawn count percentage of total count
 G = Total turns spent on level
                    A         B        C        D         E        F      G
               +---------+---------+-------+---------+---------+-------+---------
         Total |       0 |    4492 |   0.0 |       0 |     114 |   0.0 |  2272
               +---------+---------+-------+---------+---------+-------+---------
           D:1 |       0 |      27 |   0.0 |       0 |      16 |   0.0 |   240
           D:2 |       0 |      34 |   0.0 |       0 |       9 |   0.0 |   290
           D:3 |       0 |     312 |   0.0 |       0 |      22 |   0.0 |   314
           D:4 |       0 |     251 |   0.0 |       0 |      10 |   0.0 |   431
           D:5 |       0 |     158 |   0.0 |       0 |       6 |   0.0 |   238
           D:6 |       0 |     969 |   0.0 |       0 |      20 |   0.0 |   258
           D:7 |       0 |     544 |   0.0 |       0 |      16 |   0.0 |   288
           D:8 |       0 |    2197 |   0.0 |       0 |      15 |   0.0 |   211
               +---------+---------+-------+---------+---------+-------+---------

Table legend:
 A = Turns spent in this place as a percentage of turns spent in the entire game.
 B = Non-inter-level travel turns spent in this place as a percentage of non-inter-level travel turns spent in the entire game.
 C = Inter-level travel turns spent in this place as a percentage of turns spent in this place.
 D = Turns resting spent in this place as a percentage of non-inter-level travel turns spent in this place.
 E = Turns spent auto-exploring this place as a percentage of non-inter-level travel turns spent in this place.
 F = Non-inter-level travel turns spent in this place divided by the number of levels of this place that you've seen.
                   A       B       C       D       E      F
               +-------+-------+-------+-------+-------+----------------------
         Total | 100.0 | 100.0 |   0.8 |   0.1 |   0.0 | 250.4
       Dungeon | 100.0 | 100.0 |   0.8 |   0.1 |   0.0 | 250.4
               +-------+-------+-------+-------+-------+----------------------

Table legend:
 A = Kills in this place as a percentage of kills in entire the game.
 B = Kills by you in this place as a percentage of kills by you in the entire game.
 C = Kills by friends in this place as a percentage of kills by friends in the entire game.
 D = Other kills in this place as a percentage of other kills in the entire game.
 E = Experience gained in this place as a percentage of experience gained in the entire game.
 F = Experience gained in this place divided by the number of levels of this place that you have seen.
                   A       B       C       D       E      F
               +-------+-------+-------+-------+-------+----------------------
         Total | 100.0 | 100.0 |   N/A |   N/A | 100.0 | 499.1
       Dungeon | 100.0 | 100.0 |   N/A |   N/A | 100.0 | 499.1
               +-------+-------+-------+-------+-------+----------------------

Vault maps used:
D:1:      saegor_arrival_miasma
D:2:      corner_web_ring, minmay_cupped
D:3:      nicolae_overflow_hidden_temple, first_bread, feat_on_display,
          uniq_sigmund
D:4:      serial_shops, nicolae_shop_crystal
D:6:      old_standard_altar, kennysheep_mini, minmay_temple_entry_overgrown,
          evilmike_ruin_ashenzari
D:7:      serial_shops, nicolae_shop_crystal, grunt_ogre_cave,
          uniq_crazy_yiuf_cottage, uniq_menkaure
D:8:      minmay_the_grid_triangle_9x9_rhombus_thin, led_sif_book, basic_altar,
          uniq_grum, uniq_maurice
D:9:      serial_shops, shop, minmay_misc_feat_five,
          hangedman_abyss_or_decor_stabs
